 Dungeon Crawl Stone Soup version 0.26.1-2-gb8aa6d0cf2 (webtiles) character file.

Game seed: 15021205914460395818

155 monstrium the Covered (level 5, -2/36 HPs)
             Began as a Halfling Fighter on Mar 21, 2021.
             Slain by a gnoll
             ... wielding a +0 spear
              (5 damage)
             ... on level 3 of the Dungeon.
             The game lasted 00:07:45 (2739 turns).

monstrium the Covered (Halfling Fighter)            Turns: 2739, Time: 00:07:45

Health: -2/36      AC:  9    Str: 18    XL:     5   Next: 63%
Magic:  5/5        EV:  6    Int:  6    God:
Gold:   114        SH: 10    Dex: 14    Spells: 4/4 levels left

rFire    . . .     SeeInvis .   a - +0 rapier
rCold    . . .     Faith    .   c - +0 kite shield
rNeg     + . .     Spirit   .   i - +0 chain mail
rPois    +         Reflect  .   (no helmet)
rElec    .         Harm     .   (no cloak)
rCorr    .         Rampage  .   (no gloves)
Will     .....                  (no boots)
Stlth    ..........             (no amulet)
HPRegen  0.12/turn              l - ring of poison resistance
MPRegen  0.09/turn              o - ring of positive energy

@: no status effects
A: small, mutation resistance 1
a: no special abilities


You were on level 3 of the Dungeon.
You visited 1 branch of the dungeon, and saw 3 of its levels.

You collected 114 gold pieces.

Inventory:

Hand Weapons
 a - a +0 rapier (weapon)
 e - a +0 short sword
 k - a +0 short sword
Armour
 c - a +0 kite shield (worn)
 i - a +0 chain mail (worn)
Jewellery
 l - a ring of poison resistance (left hand)
 o - a ring of positive energy (right hand)
 p - an uncursed ring of flight
Scrolls
 b - 3 scrolls of remove curse
 f - 4 scrolls of identify
 g - 2 scrolls of amnesia {unknown}
 h - 2 scrolls of blinking {unknown}
 n - a scroll of magic mapping {unknown}
Potions
 d - a potion of might
 j - a potion of cancellation {unknown}
 m - 2 potions of curing {unknown}


   Skills:
 * Level 3.3 Fighting
 + Level 4.0 Short Blades
 * Level 4.4 Armour
 - Level 0.1 Stealth
 + Level 4.2 Shields


You had 4 spell levels left.
You didn't know any spells.
Your spell library was empty.

Dungeon Overview and Level Annotations

Branches:
Dungeon (3/15)

Altars:


Innate Abilities, Weirdness & Mutations

You are small and have problems with some larger weapons.
You are somewhat resistant to further mutation.


Message History

You hit something but do no damage. Something hits you.
The gnoll barely misses you. Something hits you but does no damage.
You completely miss something. Something hits you.
You block the gnoll's attack. Something hits you but does no damage.
The gnoll barely misses you.
You miss something. You block something's attack.
The gnoll hits you but does no damage.
You closely miss something.
You hear some strange, mumbled words.
A puff of flame appears from out of thin air!
The puff of flame hits you!
* * * LOW HITPOINT WARNING * * *
Something hits you but does no damage. The gnoll hits you but does no damage.
You closely miss something. Something hits you but does no damage.
The gnoll barely misses you.
You closely miss something. Something hits you but does no damage.
Something hits you.
* * * LOW HITPOINT WARNING * * *
The gnoll hits you from afar with a +0 spear.
You die...

...g #.o..#
.(... #.#'##
.oo...#.#.#####
#.o.#.o(..#
#########.#
#...#g# #.#g#.#
#o#{#o# #o#@#.#
#.#.#o# #o#.#[#
#.###.# #...o.#
#######


You could see a gnoll.

Vanquished Creatures
  2 orc priests
  A gnoll (D:3)
  2 adders
  2 oozes
  3 worms
  A dart slug (D:1)
  A leopard gecko (D:1)
  3 orcs
  2 giant cockroaches (D:1)
  4 goblins
  8 hobgoblins
  7 kobolds
  A quokka (D:2)
  A ball python (D:2)
  4 bats
  5 frilled lizards
  6 rats
53 creatures vanquished.

Notes
Turn   | Place    | Note
-------+----------+-------------------------------------------
     0 | D:1      | monstrium the Halfling Fighter began the quest for the Orb.
     0 | D:1      | Reached XP level 1. HP: 15/15 MP: 1/1
    40 | D:1      | Reached XP level 2. HP: 16/20 MP: 2/2
   259 | D:1      | Reached XP level 3. HP: 25/25 MP: 3/3
  1157 | D:2      | Reached XP level 4. HP: 18/31 MP: 4/4
  2611 | D:3      | Reached XP level 5. HP: 24/36 MP: 5/5
  2739 | D:3      | Slain by a gnoll

Illustrated notes

Levels and vault maps discovered:
D:1:      dpeg_arrival_short_road, layout_loops_ring
D:2:      layout_basic, serial_corexii_hall, corexii_hall_statues_x,
          chequers_hall_statues_y
D:3:      layout_basic, regret_index_temple_of_mockery,
          gammafunk_temple_overflow_statue, chequers_ecumenical_altar_grove

Skill      XL: |  1  2  3  4  5 |
---------------+----------------+-----
Fighting       | 3 |  3.3
Short Blades   | 3 4 |  4.0
Shields        | 4 |  4.2
Armour         | 4 |  4.4
Stealth        | |  0.1

Action                   |  1- 3 |  4- 6 || total
-------------------------+-------+-------++-------
Melee: Rapier            |   120 |   104 ||   224
  Use: Scroll            |       |     3 ||     3
       Potion            |       |     1 ||     1
Armor: Scale mail        |     8 |       ||     8
       Chain mail        |    27 |    51 ||    78
Dodge: Dodged            |    29 |    22 ||    51
Block: Kite shield       |    49 |    53 ||   102
